[Event "GambitGuide"]
[Site "Internet Chess Club"]
[Date "2014.10.31"]
[Round "1"]
[White "JSBach"]
[Black "luckypawns"]
[Result "0-1"]
[ICCResult "White checkmated"]
[WhiteElo "1633"]
[BlackElo "1817"]
[Opening "Vienna: `Frankenstein-Dracula' variation"]
[ECO "C27"]
[NIC "VG.02"]
[Time "23:28:57"]
[TimeControl "120+12"]

1. e4 e5 2. Nc3 Nf6 3. Bc4 Nxe4 4. Qh5 Nd6 5. Bb3 Nc6 6. Nb5 g6 7. Qf3 f5 8.
Qd5 Qe7 9. Nxc7+ Kd8 10. Nxa8 b6 11. d3 Bb7 12. Nxb6 axb6 13. Qf3 Nd4 14.
Qh3 Bg7 15. Be3 h5 16. Rb1 g5 17. Rc1 g4 18. Qg3 f4 19. c3 fxg3 20. cxd4
exd4 21. hxg3 dxe3 22. f3 Bxb2 23. Rc2 Ba3 24. fxg4 Bb4+ 25. Kd1 Qf6 26. Ne2
hxg4 27. Rg1 Qf2 28. Ba4 Bxg2 29. Rb2 Bc5 30. Rc2 Bf3 31. Kc1 Bxe2 32. Rd1
Rh2 33. d4 Ba3+ 34. Kb1 Bxd1 35. Rxf2 exf2 36. Bxd7 f1=Q 37. Bc6 Ba4#
{White checkmated}
0-1

[Event "GambitGuide"]
[Site "Internet Chess Club"]
[Date "2014.10.31"]
[Round "1"]
[White "JSBach"]
[Black "Svinotigr"]
[Result "1-0"]
[ICCResult "Black resigns"]
[WhiteElo "1633"]
[BlackElo "1757"]
[Opening "Vienna: `Frankenstein-Dracula' variation"]
[ECO "C27"]
[NIC "VG.02"]
[Time "23:27:39"]
[TimeControl "120+12"]

1. e4 e5 2. Nc3 Nf6 3. Bc4 Nxe4 4. Qh5 Nd6 5. Bb3 Nc6 6. Nb5 g6 7. Qf3 f5 8.
Qd5 Qe7 9. Nxc7+ Kd8 10. Nxa8 b6 11. d3 Bb7 12. Nxb6 axb6 13. Qf3 Nd4 14.
Qg3 Bg7 15. Bg5 Bf6 16. Bxf6 Qxf6 17. Ba4 b5 18. Bb3 g5 19. Nh3 g4 20. Ng1
h5 21. h3 h4 22. Qh2 e4 23. dxe4 Bxe4 24. hxg4 fxg4 25. O-O-O Qg6 26. Rxd4
Qg5+ 27. Kb1 g3 28. fxg3 Qc5 29. Ne2 Nf5 30. Rxe4 {Black resigns} 1-0

[Event "GambitGuide"]
[Site "Internet Chess Club"]
[Date "2014.10.31"]
[Round "1"]
[White "JSBach"]
[Black "fearlessone"]
[Result "0-1"]
[ICCResult "White checkmated"]
[WhiteElo "1633"]
[BlackElo "1812"]
[Opening "Vienna: `Frankenstein-Dracula' variation"]
[ECO "C27"]
[NIC "VG.02"]
[Time "23:29:55"]
[TimeControl "120+12"]

1. e4 e5 2. Nc3 Nf6 3. Bc4 Nxe4 4. Qh5 Nd6 5. Bb3 Nc6 6. Nb5 g6 7. Qf3 f5 8.
Qd5 Qe7 9. Nxc7+ Kd8 10. Nxa8 b6 11. d3 Bb7 12. Nxb6 axb6 13. Qf3 Nd4 14.
Qg3 Nxb3 15. axb3 Bg7 16. Be3 f4 17. Bxb6+ Kc8 18. Qg4 g5 19. Bc5 h5 20.
Bxd6 Qxd6 21. Qxg5 Bf6 22. Qg6 Qe6 23. Ra5 Rg8 24. Rc5+ Kd8 25. Qxh5 Bxg2
26. Nf3 Bxh1 27. Nxe5 Rg5 28. Qh6 Rxe5+ 29. Rxe5 Qxe5+ 30. Kd2 Bf3 31. Qf8+
Kc7 32. Qxf6 Qxf6 33. h3 Qxb2 34. h4 Qf6 35. h5 Bxh5 36. b4 f3 37. c3 Qe6
38. c4 Qe2+ 39. Kc1 Qxd3 40. c5 Qc4+ 41. Kd2 Qxb4+ 42. Kd1 Qxc5 43. Kd2
Qxf2+ 44. Kd3 Qe2+ 45. Kc3 f2 46. Kd4 f1=Q 47. Kd5 Qfd1+ 48. Kc5 Qec2+ 49.
Kb4 Qdb1+ 50. Ka3 Qca2# {White checkmated} 0-1

[Event "GambitGuide"]
[Site "Internet Chess Club"]
[Date "2014.10.31"]
[Round "1"]
[White "JSBach"]
[Black "fearlessone"]
[Result "0-1"]
[ICCResult "White checkmated"]
[WhiteElo "1640"]
[BlackElo "1812"]
[Opening "Vienna: `Frankenstein-Dracula' variation"]
[ECO "C27"]
[NIC "VG.02"]
[Time "23:31:47"]
[TimeControl "120+12"]

1. e4 e5 2. Nc3 Nf6 3. Bc4 Nxe4 4. Qh5 Nd6 5. Bb3 Nc6 6. Nb5 g6 7. Qf3 f5 8.
Qd5 Qe7 9. Nxc7+ Kd8 10. Nxa8 b6 11. d3 Bb7 12. Nxb6 axb6 13. Qf3 Bg7 14.
Be3 Nd4 15. Qh3 Nxb3 16. Bxb6+ Kc8 17. axb3 g5 18. b4 h5 19. Ra7 f4 20. Nf3
g4 21. Qh4 Bf6 22. Bd8 Qxd8 23. Qxf6 Qxf6 24. Nd2 Kb8 25. Ra1 Bxg2 26. Rg1
f3 27. Ra6 Kb7 28. Ne4 Nxe4 29. Rxf6 Nxf6 30. Kd2 e4 31. Re1 exd3 32. Kxd3
Re8 33. Rxe8 Nxe8 34. Kd4 Nf6 35. Ke5 h4 36. Kxf6 g3 37. hxg3 hxg3 38. fxg3
f2 39. Kg7 f1=Q 40. g4 Qf4 41. b5 Qxg4+ 42. Kf6 Qf4+ 43. Kg7 Qe5+ 44. Kf8
Qxb5 45. b3 Qc5+ 46. Ke8 Qxc2 47. Kxd7 Qxb3 48. Ke7 Qd1 49. Ke6 Bf1 50. Ke5
Bb5 51. Ke6 Kc7 52. Kf5 Qe2 53. Kg5 Qf1 54. Kg4 Kd6 55. Kg5 Ke7 56. Kg4 Kf6
57. Kg3 Kf5 58. Kh4 Qg2 59. Kh5 Qg5# {White checkmated} 0-1

[Event "GambitGuide"]
[Site "Internet Chess Club"]
[Date "2014.10.31"]
[Round "1"]
[White "JSBach"]
[Black "Zarathustra"]
[Result "0-1"]
[ICCResult "White checkmated"]
[WhiteElo "1640"]
[BlackElo "1651"]
[Opening "Vienna: `Frankenstein-Dracula' variation"]
[ECO "C27"]
[NIC "VG.02"]
[Time "23:29:04"]
[TimeControl "120+12"]

1. e4 e5 2. Nc3 Nf6 3. Bc4 Nxe4 4. Qh5 Nd6 5. Bb3 Nc6 6. Nb5 g6 7. Qf3 f5 8.
Qd5 Qe7 9. Nxc7+ Kd8 10. Nxa8 b6 11. d3 Bb7 12. Nxb6 axb6 13. Qf3 Nd4 14.
Qg3 Bg7 15. Bg5 Bf6 16. Bxf6 Qxf6 17. Ba4 b5 18. Bb3 f4 19. Qg4 h5 20. Qh3
g5 21. f3 N6f5 22. O-O-O Ne3 23. Re1 g4 24. fxg4 hxg4 25. Qxh8+ Qxh8 26. h4
Bxg2 27. Rxe3 Bxh1 28. Re1 Qxh4 29. Rxe5 Qg3 30. Kd2 Qxg1 31. Kc3 Nc6 32.
Rxb5 Qe1+ 33. Kc4 Na5+ 34. Kd4 Nxb3+ 35. Rxb3 d6 36. Rb8+ Kc7 37. Rb5 Kc6
38. c4 g3 39. a4 g2 40. Rb6+ Kxb6 41. c5+ dxc5+ 42. Kc4 Qb4+ 43. Kd5 g1=Q+
44. Ke6 Qg6+ 45. Kd7 Qxa4+ 46. Kd8 Qge8# {White checkmated} 0-1

[Event "GambitGuide"]
[Site "Internet Chess Club"]
[Date "2014.10.31"]
[Round "1"]
[White "JSBach"]
[Black "DarTalion"]
[Result "0-1"]
[ICCResult "White checkmated"]
[WhiteElo "1614"]
[BlackElo "1801"]
[Opening "Vienna: `Frankenstein-Dracula' variation"]
[ECO "C27"]
[NIC "VG.02"]
[Time "23:28:35"]
[TimeControl "120+12"]

1. e4 e5 2. Nc3 Nf6 3. Bc4 Nxe4 4. Qh5 Nd6 5. Bb3 Nc6 6. Nb5 g6 7. Qf3 f5 8.
Qd5 Qe7 9. Nxc7+ Kd8 10. Nxa8 b6 11. d3 Bb7 12. Nxb6 axb6 13. Qf3 Nd4 14.
Qh3 Bg7 15. Be3 N6b5 16. a4 Nxb3 17. cxb3 Nd4 18. Rc1 Qb4+ 19. Bd2 Qxb3 20.
Bc3 Bc6 21. Bxd4 exd4 22. Kf1 Bxa4 23. Qh4+ Ke8 24. Re1+ Kf7 25. Qe7+ Kg8
26. Qe8+ Bf8 27. Qe2 Bb5 28. Rd1 h6 29. Nf3 Qd5 30. Re1 Rh7 31. Ne5 Re7 32.
Rg1 d6 33. f4 dxe5 34. fxe5 Bg7 35. Qc2 Rxe5 36. Rxe5 Qxe5 37. Qb3+ Kh7 38.
g3 Bc6 39. Qc4 Bd5 40. Qc8 Qe3 41. Qc2 Bf6 42. Qc7+ Bg7 43. Qc2 Bb7 44. Qc4
h5 45. Qb5 Qf3+ 46. Ke1 Qe3+ 47. Kf1 Bf3 48. Rg2 Bxg2+ 49. Kxg2 Qe2+ 50. Kg1
Kh6 51. b3 Bf6 52. Qxb6 Bg5 53. Qxd4 Be3+ 54. Qxe3+ Qxe3+ 55. Kg2 Qxd3 56.
Kf2 Qxb3 57. Kg2 Kg5 58. Kg1 Kg4 59. Kg2 h4 60. gxh4 f4 61. Kf1 Kf3 62. Ke1
Qa2 63. Kd1 Ke3 64. Kc1 Kd3 65. h3 Qc2# {White checkmated} 0-1

[Event "GambitGuide"]
[Site "Internet Chess Club"]
[Date "2014.10.31"]
[Round "1"]
[White "JSBach"]
[Black "fearlessone"]
[Result "0-1"]
[ICCResult "White checkmated"]
[WhiteElo "1614"]
[BlackElo "1812"]
[Opening "Vienna: `Frankenstein-Dracula' variation"]
[ECO "C27"]
[NIC "VG.02"]
[Time "23:33:19"]
[TimeControl "120+12"]

1. e4 e5 2. Nc3 Nf6 3. Bc4 Nxe4 4. Qh5 Nd6 5. Bb3 Nc6 6. Nb5 g6 7. Qf3 f5 8.
Qd5 Qe7 9. Nxc7+ Kd8 10. Nxa8 b6 11. d3 Bb7 12. Nxb6 axb6 13. Qf3 Bg7 14.
Qh3 Nd4 15. Be3 Nxb3 16. Bxb6+ Kc8 17. axb3 g5 18. Qg3 h5 19. Bc5 Bf6 20. b4
f4 21. Qh3 g4 22. Bxd6 Qxd6 23. Ra6 Bxa6 24. b5 Bxb5 25. Qxh5 Rxh5 26. Kf1
e4 27. Ne2 exd3 28. cxd3 Bxd3 29. Ke1 Re5 30. Kd1 Bxe2+ 31. Kc1 Rc5+ 32. Kb1
Qd3+ 33. Ka2 Ra5# {White checkmated} 0-1

[Event "GambitGuide"]
[Site "Internet Chess Club"]
[Date "2014.10.31"]
[Round "1"]
[White "JSBach"]
[Black "csq"]
[Result "1-0"]
[ICCResult "Black checkmated"]
[WhiteElo "1614"]
[BlackElo "1534"]
[Opening "Vienna: `Frankenstein-Dracula' variation"]
[ECO "C27"]
[NIC "VG.02"]
[Time "23:31:57"]
[TimeControl "120+12"]

1. e4 e5 2. Nc3 Nf6 3. Bc4 Nxe4 4. Qh5 Nd6 5. Bb3 Nc6 6. Nb5 g6 7. Qf3 f5 8.
Qd5 Qe7 9. Nxc7+ Kd8 10. Nxa8 b6 11. d3 Nd4 12. f4 exf4+ 13. Kd1 Bb7 14.
Qxd4 Bxg2 15. Qxh8 Bxh1 16. Nxb6 f3 17. Bg5 Qxg5 18. Qxf8+ Kc7 19. Nd5+ Kb7
20. Nh3 Qg4 21. Qxd6 f2+ 22. Kd2 Bxd5 23. Qxd7+ Kb6 24. Qd8+ Kb7 25. Bxd5+
Ka6 26. Qd6+ Ka5 27. Qc7+ Ka4 28. Bc6+ Kb4 29. c3+ Kc5 30. Be8+ Kd5 31. Bf7#
{Black checkmated}
1-0

[Event "GambitGuide"]
[Site "Internet Chess Club"]
[Date "2014.10.31"]
[Round "1"]
[White "JSBach"]
[Black "MishaVB"]
[Result "1-0"]
[ICCResult "Black checkmated"]
[WhiteElo "1645"]
[BlackElo "1439"]
[Opening "Vienna: `Frankenstein-Dracula' variation"]
[ECO "C27"]
[NIC "VG.02"]
[Time "23:34:17"]
[TimeControl "120+12"]

1. e4 e5 2. Nc3 Nf6 3. Bc4 Nxe4 4. Qh5 Nd6 5. Bb3 Nc6 6. Nb5 g6 7. Qf3 f5 8.
Qd5 Qe7 9. Nxc7+ Kd8 10. Nxa8 b6 11. d3 Bb7 12. Nxb6 axb6 13. Qf3 Nd4 14.
Qg3 f4 15. Qg4 Bg7 16. Ba4 Bf6 17. c3 Nc6 18. Bb3 Na5 19. Bc2 Rg8 20. Ne2 h5
21. Qh3 h4 22. d4 exd4 23. Bxf4 dxc3 24. bxc3 g5 25. Bxd6 Qxd6 26. Rd1 Qa3
27. Qxd7# {Black checkmated} 1-0

[Event "GambitGuide"]
[Site "Internet Chess Club"]
[Date "2014.10.31"]
[Round "1"]
[White "JSBach"]
[Black "Svinotigr"]
[Result "1-0"]
[ICCResult "Black resigns"]
[WhiteElo "1645"]
[BlackElo "1757"]
[Opening "Vienna: `Frankenstein-Dracula' variation"]
[ECO "C27"]
[NIC "VG.02"]
[Time "23:31:31"]
[TimeControl "120+12"]

1. e4 e5 2. Nc3 Nf6 3. Bc4 Nxe4 4. Qh5 Nd6 5. Bb3 Nc6 6. Nb5 g6 7. Qf3 f5 8.
Qd5 Qe7 9. Nxc7+ Kd8 10. Nxa8 b6 11. d3 Bb7 12. Nxb6 axb6 13. Qf3 Nd4 14.
Qg3 Bg7 15. Bg5 Bf6 16. Bxf6 Qxf6 17. Ba4 b5 18. Bb3 g5 19. Nh3 g4 20. Ng1
h5 21. h3 f4 22. Qh2 f3 23. g3 Ne2 24. a4 b4 25. hxg4 Nxg1 26. Qxg1 e4 27.
Rxh5 Rxh5 28. gxh5 exd3 29. O-O-O {Black resigns} 1-0

[Event "GambitGuide"]
[Site "Internet Chess Club"]
[Date "2014.10.31"]
[Round "1"]
[White "JSBach"]
[Black "MishaVB"]
[Result "1-0"]
[ICCResult "Black checkmated"]
[WhiteElo "1645"]
[BlackElo "1439"]
[Opening "Vienna: `Frankenstein-Dracula' variation"]
[ECO "C27"]
[NIC "VG.02"]
[Time "23:36:05"]
[TimeControl "120+12"]

1. e4 e5 2. Nc3 Nf6 3. Bc4 Nxe4 4. Qh5 Nd6 5. Bb3 Nc6 6. Nb5 g6 7. Qf3 f5 8.
Qd5 Qe7 9. Nxc7+ Kd8 10. Nxa8 b6 11. d3 Bb7 12. Nxb6 axb6 13. Qf3 Nd4 14.
Qg3 f4 15. Qg4 Nxb3 16. axb3 Nf5 17. Ra7 Bc6 18. Nf3 Bxf3 19. Qxf3 Nd4 20.
Qa8# {Black checkmated} 1-0

[Event "GambitGuide"]
[Site "Internet Chess Club"]
[Date "2014.10.31"]
[Round "1"]
[White "JSBach"]
[Black "GivePeasAChance"]
[Result "1-0"]
[ICCResult "Black resigns"]
[WhiteElo "1645"]
[BlackElo "1635"]
[Opening "Vienna: `Frankenstein-Dracula' variation"]
[ECO "C27"]
[NIC "VG.02"]
[Time "23:35:09"]
[TimeControl "120+12"]

1. e4 e5 2. Nc3 Nf6 3. Bc4 Nxe4 4. Qh5 Nd6 5. Bb3 Nc6 6. Nb5 g6 7. Qf3 f5 8.
Qd5 Qe7 9. Nxc7+ Kd8 10. Nxa8 b6 11. d3 Nd4 12. f4 exf4+ 13. Kd1 Bb7 14.
Qxd4 Bxa8 15. Nf3 Bxf3+ 16. gxf3 Bg7 17. Qxf4 Re8 18. Qg5 Bf6 19. Qg2 Nb5
20. Rg1 Nd4 21. Bd5 Ne2 22. Rf1 Nxc1 23. Rxc1 Bg5 24. f4 Bf6 25. c3 Qe3 26.
Qf3 Qc5 27. d4 Bxd4 28. cxd4 Qxd4+ 29. Kc2 Re3 30. Qd1 Qc4+ 31. Bxc4
{Black resigns}
1-0

[Event "GambitGuide"]
[Site "Internet Chess Club"]
[Date "2014.10.31"]
[Round "1"]
[White "JSBach"]
[Black "Koval"]
[Result "1-0"]
[ICCResult "Black resigns"]
[WhiteElo "1645"]
[BlackElo "1991"]
[Opening "Vienna: `Frankenstein-Dracula' variation"]
[ECO "C27"]
[NIC "VG.02"]
[Time "23:35:59"]
[TimeControl "120+12"]

1. e4 e5 2. Nc3 Nf6 3. Bc4 Nxe4 4. Qh5 Nd6 5. Bb3 Nc6 6. Nb5 g6 7. Qf3 f5 8.
Qd5 Qe7 9. Nxc7+ Kd8 10. Nxa8 b6 11. d3 Bb7 12. Nxb6 axb6 13. Qf3 g5 14. Qe3
Kc7 15. Qxg5 Qxg5 16. Bxg5 Nd4 17. Bf6 Nxb3 18. axb3 Rg8 19. Bxe5 Bxg2 20.
Ra7+ Kc6 21. Nf3 Bxh1 22. Nd4+ Kd5 23. Bxd6 Bxd6 24. Rxd7 Re8+ 25. Kd2 Kxd4
26. Rxd6+ Ke5 27. Rxb6 Rg8 28. b4 Rg2 29. Rh6 Rxf2+ 30. Kc3 f4 31. b5 Rg2
32. d4+ Kd5 33. Kd3 Rg3+ 34. hxg3 {Black resigns} 1-0

[Event "GambitGuide"]
[Site "Internet Chess Club"]
[Date "2014.10.31"]
[Round "1"]
[White "JSBach"]
[Black "SlippinAway"]
[Result "1-0"]
[ICCResult "Black checkmated"]
[WhiteElo "1643"]
[BlackElo "2064"]
[Opening "Vienna: `Frankenstein-Dracula' variation"]
[ECO "C27"]
[NIC "VG.02"]
[Time "23:36:25"]
[TimeControl "120+12"]

1. e4 e5 2. Nc3 Nf6 3. Bc4 Nxe4 4. Qh5 Nd6 5. Bb3 Nc6 6. Nb5 g6 7. Qf3 f5 8.
Qd5 Qe7 9. Nxc7+ Kd8 10. Nxa8 b6 11. d3 Bg7 12. Nh3 h6 13. Ba4 Bb7 14. Nxb6
axb6 15. Qb3 Nc8 16. Be3 Nd4 17. Bxd4 exd4+ 18. Kf1 Re8 19. Nf4 g5 20. Qb5
gxf4 21. f3 Qe2+ 22. Kg1 Re5 23. Qxd7# {Black checkmated} 1-0

[Event "GambitGuide"]
[Site "Internet Chess Club"]
[Date "2014.10.31"]
[Round "1"]
[White "JSBach"]
[Black "fearlessone"]
[Result "1-0"]
[ICCResult "Black resigns"]
[WhiteElo "1643"]
[BlackElo "1812"]
[Opening "Vienna: `Frankenstein-Dracula' variation"]
[ECO "C27"]
[NIC "VG.02"]
[Time "23:34:27"]
[TimeControl "120+12"]

1. e4 e5 2. Nc3 Nf6 3. Bc4 Nxe4 4. Qh5 Nd6 5. Bb3 Nc6 6. Nb5 g6 7. Qf3 f5 8.
Qd5 Qe7 9. Nxc7+ Kd8 10. Nxa8 b6 11. d3 Bb7 12. Nxb6 axb6 13. Qf3 Nd4 14.
Qg3 Nxb3 15. axb3 Bg7 16. Be3 h5 17. Bxb6+ Kc8 18. Qxg6 Rh6 19. Qg3 f4 20.
Qh3 Qg5 21. Nf3 Qg6 22. b4 e4 23. Nh4 Qe8 24. d4 e3 25. Ba7 exf2+ 26. Kxf2
Ne4+ 27. Kg1 Bf6 28. Nf5 Rg6 29. Ra5 Ng5 30. Qc3+ Bc6 31. Nd6+ Kd8 32. Nxe8
Kxe8 33. b5 Bxd4+ 34. Bxd4 Nf3+ 35. Kf2 Nxd4 36. bxc6 Nxc6 37. Re1+
{Black resigns}
1-0

[Event "GambitGuide"]
[Site "Internet Chess Club"]
[Date "2014.10.31"]
[Round "1"]
[White "JSBach"]
[Black "csq"]
[Result "0-1"]
[ICCResult "White checkmated"]
[WhiteElo "1578"]
[BlackElo "1534"]
[Opening "Vienna: `Frankenstein-Dracula' variation"]
[ECO "C27"]
[NIC "VG.02"]
[Time "23:35:38"]
[TimeControl "120+12"]

1. e4 e5 2. Nc3 Nf6 3. Bc4 Nxe4 4. Qh5 Nd6 5. Bb3 Nc6 6. Nb5 g6 7. Qf3 f5 8.
Qd5 Qe7 9. Nxc7+ Kd8 10. Nxa8 b6 11. d3 Nd4 12. h4 f4 13. Kd2 Bb7 14. Nxb6
axb6 15. Kd1 Bxd5 16. Bxd5 Bg7 17. c3 Nc6 18. Ke1 Nf5 19. h5 Qd6 20. Be4
Nce7 21. Ne2 Qe6 22. hxg6 hxg6 23. Rxh8+ Bxh8 24. d4 Nd6 25. Bf3 e4 26. Nxf4
Qf5 27. Be2 g5 28. Nh5 Ng6 29. Ng3 Qe6 30. Bxg5+ Kc7 31. Kf1 Nf5 32. Nh5 d5
33. Nf4 Nxf4 34. Bxf4+ Kd7 35. g4 Ne7 36. Rd1 Bf6 37. g5 Bg7 38. Re1 Qh3+
39. Kg1 Nf5 40. Be5 Bxe5 41. dxe5 Ke6 42. Rf1 Kxe5 43. c4 dxc4 44. f4+ exf3
45. Rxf3 Qg4+ 46. Kf2 Qh4+ 47. Kg2 Ke4 48. a4 Ne3+ 49. Kg1 Qg4+ 50. Kf2 Qg2+
51. Ke1 Nc2+ 52. Kd2 Nd4 53. Re3+ Kf4 54. Re7 Nxe2 55. Rxe2 Qxg5 56. Kc1
Kf3+ 57. Rd2 Qa5 58. Rd6 Ke3 59. Re6+ Kd4 60. Re2 Qxa4 61. Rd2+ Ke3 62. Rd1
b5 63. Re1+ Kf2 64. Re6 b4 65. Rf6+ Ke3 66. Re6+ Kf4 67. Re2 c3 68. bxc3
bxc3 69. Rf2+ Ke3 70. Rb2 cxb2+ 71. Kxb2 Qc4 72. Ka3 Qb5 73. Ka2 Kd2 74. Ka3
Kc3 75. Ka2 Qb4 76. Ka1 Kc2 77. Ka2 Qa5# {White checkmated} 0-1

[Event "GambitGuide"]
[Site "Internet Chess Club"]
[Date "2014.10.31"]
[Round "1"]
[White "JSBach"]
[Black "Svinotigr"]
[Result "1-0"]
[ICCResult "Black resigns"]
[WhiteElo "1578"]
[BlackElo "1757"]
[Opening "Vienna: `Frankenstein-Dracula' variation"]
[ECO "C27"]
[NIC "VG.02"]
[Time "23:35:52"]
[TimeControl "120+12"]

1. e4 e5 2. Nc3 Nf6 3. Bc4 Nxe4 4. Qh5 Nd6 5. Bb3 Nc6 6. Nb5 g6 7. Qf3 f5 8.
Qd5 Qe7 9. Nxc7+ Kd8 10. Nxa8 b6 11. d3 Bb7 12. Nxb6 axb6 13. Qf3 Nd4 14.
Qh3 g5 15. Be3 h5 16. Bxd4 exd4+ 17. Ne2 f4 18. f3 g4 19. fxg4 hxg4 20. Qxh8
f3 21. O-O Kc7 22. Rae1 Bg7 23. Qh5 fxe2 24. Rf2 {Black resigns} 1-0

[Event "GambitGuide"]
[Site "Internet Chess Club"]
[Date "2014.10.31"]
[Round "1"]
[White "JSBach"]
[Black "SlippinAway"]
[Result "0-1"]
[ICCResult "White checkmated"]
[WhiteElo "1578"]
[BlackElo "2064"]
[Opening "Vienna: `Frankenstein-Dracula' variation"]
[ECO "C27"]
[NIC "VG.02"]
[Time "23:38:12"]
[TimeControl "120+12"]

1. e4 e5 2. Nc3 Nf6 3. Bc4 Nxe4 4. Qh5 Nd6 5. Bb3 Nc6 6. Nb5 g6 7. Qf3 f5 8.
Qd5 Qe7 9. Nxc7+ Kd8 10. Nxa8 b6 11. d3 f4 12. Ba4 Bb7 13. Nxb6 axb6 14. Qb3
Kc7 15. Nf3 g5 16. Qc3 Bg7 17. Qb3 e4 18. dxe4 Qxe4+ 19. Kf1 h6 20. c3 g4
21. Nd2 Qd3+ 22. Kg1 Re8 23. Qd1 b5 24. Bc2 Qd5 25. Bg6 Ne5 26. f3 Nxg6 27.
Qc2 Ne5 28. Qh7 Re7 29. Qc2 gxf3 30. Nxf3 Nxf3+ 31. gxf3 Qxf3 32. Qe4 Bxe4
33. Bxf4 Qg2# {White checkmated} 0-1

[Event "GambitGuide"]
[Site "Internet Chess Club"]
[Date "2014.10.31"]
[Round "1"]
[White "JSBach"]
[Black "MishaVB"]
[Result "0-1"]
[ICCResult "White checkmated"]
[WhiteElo "1599"]
[BlackElo "1439"]
[Opening "Vienna: `Frankenstein-Dracula' variation"]
[ECO "C27"]
[NIC "VG.02"]
[Time "23:37:01"]
[TimeControl "120+12"]

1. e4 e5 2. Nc3 Nf6 3. Bc4 Nxe4 4. Qh5 Nd6 5. Bb3 Nc6 6. Nb5 g6 7. Qf3 f5 8.
Qd5 Qe7 9. Nxc7+ Kd8 10. Nxa8 b6 11. d3 Bb7 12. Nxb6 axb6 13. Qf3 Nd4 14.
Qg3 f4 15. Qg4 N6f5 16. Ne2 Nxe2 17. Kxe2 Bxg2 18. Rd1 Nh4 19. Ke1 h5 20.
Qxg2 Nxg2+ 21. Kf1 Qh4 22. Bd5 Qg4 23. Bd2 f3 24. Bc3 Ne3+ 25. Ke1 Qg1+ 26.
Kd2 Qxf2+ 27. Kc1 Qxc2# {White checkmated} 0-1

[Event "GambitGuide"]
[Site "Internet Chess Club"]
[Date "2014.10.31"]
[Round "1"]
[White "JSBach"]
[Black "fearlessone"]
[Result "1-0"]
[ICCResult "Black resigns"]
[WhiteElo "1599"]
[BlackElo "1812"]
[Opening "Vienna: `Frankenstein-Dracula' variation"]
[ECO "C27"]
[NIC "VG.02"]
[Time "23:38:41"]
[TimeControl "120+12"]

1. e4 e5 2. Nc3 Nf6 3. Bc4 Nxe4 4. Qh5 Nd6 5. Bb3 Nc6 6. Nb5 g6 7. Qf3 f5 8.
Qd5 Qe7 9. Nxc7+ Kd8 10. Nxa8 b6 11. d3 Bb7 12. Nxb6 axb6 13. Qf3 Bg7 14.
Qg3 Nd4 15. Bg5 Bf6 16. Bxf6 Qxf6 17. Ba4 b5 18. Bb3 Nxb3 19. axb3 g5 20.
Nh3 Nf7 21. Ra7 Kc8 22. Ng1 h5 23. Nf3 f4 24. Qh3 Qb6 25. Rxb7 Qxb7 26. Qf5
g4 27. Nxe5 Nxe5 28. Qxe5 Rd8 29. O-O f3 30. Qxh5 fxg2 31. Qc5+ Kb8 32. Ra1
d6 33. Qb4 g3 34. hxg3 Rc8 35. Qxd6+ Qc7 36. Qxc7+ Rxc7 37. Rc1 Rb7 38. f4
{Black resigns}
1-0

[Event "GambitGuide"]
[Site "Internet Chess Club"]
[Date "2014.10.31"]
[Round "1"]
[White "JSBach"]
[Black "MishaVB"]
[Result "1-0"]
[ICCResult "Black resigns"]
[WhiteElo "1599"]
[BlackElo "1439"]
[Opening "Vienna: `Frankenstein-Dracula' variation"]
[ECO "C27"]
[NIC "VG.02"]
[Time "23:40:43"]
[TimeControl "120+12"]

1. e4 e5 2. Nc3 Nf6 3. Bc4 Nxe4 4. Qh5 Nd6 5. Bb3 Nc6 6. Nb5 g6 7. Qf3 f5 8.
Qd5 Qe7 9. Nxc7+ Kd8 10. Nxa8 b6 11. d3 Bb7 12. Nxb6 axb6 13. Qf3 Nd4 14.
Qg3 f4 15. Qg4 N6f5 16. Ne2 Nxe2 17. Kxe2 h5 18. Qxg6 {Black resigns} 1-0

[Event "GambitGuide"]
[Site "Internet Chess Club"]
[Date "2014.10.31"]
[Round "1"]
[White "JSBach"]
[Black "skibum1313"]
[Result "1-0"]
[ICCResult "Black resigns"]
[WhiteElo "1592"]
[BlackElo "1513"]
[Opening "Vienna: `Frankenstein-Dracula' variation"]
[ECO "C27"]
[NIC "VG.02"]
[Time "23:40:52"]
[TimeControl "120+12"]

1. e4 e5 2. Nc3 Nf6 3. Bc4 Nxe4 4. Qh5 Nd6 5. Bb3 Nc6 6. Nb5 g6 7. Qf3 f5 8.
Qd5 Qe7 9. Nxc7+ Kd8 10. Nxa8 b6 11. d3 Bb7 12. Nxb6 axb6 13. Qf3 Nd4 14.
Qh3 Nxb3 15. axb3 e4 16. d4 Bg7 17. c3 Ke8 18. b4 Kf7 19. Ra7 Rb8 20. Bh6
Nc4 21. Bf4 Nd6 22. Qxh7 Ke6 23. Qxg6+ Qf6 24. Qg3 Ke7 25. Bg5 Ke6 26. Bxf6
Bxf6 27. h4 {Black resigns} 1-0

[Event "GambitGuide"]
[Site "Internet Chess Club"]
[Date "2014.10.31"]
[Round "1"]
[White "JSBach"]
[Black "fearlessone"]
[Result "0-1"]
[ICCResult "White checkmated"]
[WhiteElo "1592"]
[BlackElo "1812"]
[Opening "Vienna: `Frankenstein-Dracula' variation"]
[ECO "C27"]
[NIC "VG.02"]
[Time "23:41:18"]
[TimeControl "120+12"]

1. e4 e5 2. Nc3 Nf6 3. Bc4 Nxe4 4. Qh5 Nd6 5. Bb3 Nc6 6. Nb5 g6 7. Qf3 f5 8.
Qd5 Qe7 9. Nxc7+ Kd8 10. Nxa8 b6 11. d3 Bb7 12. Nxb6 axb6 13. Qf3 Bg7 14.
Be3 Nd4 15. Qh3 Nxb3 16. Bxb6+ Kc8 17. axb3 g5 18. b4 h5 19. Ra7 f4 20. Nf3
g4 21. Qh4 Bf6 22. Bd8 Qxd8 23. Qxf6 Qxf6 24. Nd2 Kb8 25. Ra1 Bxg2 26. Rg1
f3 27. Ra6 Kb7 28. Ne4 Nxe4 29. Rxf6 Nxf6 30. b3 e4 31. dxe4 Nxe4 32. c4 Re8
33. b5 Nc5+ 34. Kd1 Nxb3 35. Kc2 Nc5 36. Rd1 Re2+ 37. Rd2 Rxd2+ 38. Kxd2
Ne4+ 39. Ke3 Ng5 40. Kd3 Nh3 41. Kc2 Nxf2 42. c5 Ne4 43. c6+ dxc6 44. Kc1
cxb5 45. Kb2 f2 46. Kb3 f1=Q 47. Kb2 Qh1 48. Kc2 Qxh2 49. Kb3 Qg3+ 50. Kc2
h4 51. Kd1 h3 52. Kc2 h2 53. Kc1 Bf3 54. Kc2 Nf6 55. Kc1 Qg2 56. Kb1 h1=Q#
{White checkmated}
0-1

[Event "GambitGuide"]
[Site "Internet Chess Club"]
[Date "2014.10.31"]
[Round "1"]
[White "JSBach"]
[Black "brawny"]
[Result "1-0"]
[ICCResult "Black resigns"]
[WhiteElo "1601"]
[BlackElo "1930"]
[Opening "Vienna: `Frankenstein-Dracula' variation"]
[ECO "C27"]
[NIC "VG.02"]
[Time "23:41:49"]
[TimeControl "120+12"]

1. e4 e5 2. Nc3 Nf6 3. Bc4 Nxe4 4. Qh5 Nd6 5. Bb3 Nc6 6. Nb5 g6 7. Qf3 f5 8.
Qd5 Qe7 9. Nxc7+ Kd8 10. Nxa8 b6 11. d3 Bb7 12. Nxb6 axb6 13. Qf3 h5 14. Qg3
Nf7 15. Qxg6 f4 16. Bxf7 Rh6 17. Qg8 Rf6 18. Bxh5 e4 19. Be2 exd3 20. cxd3
Nd4 21. Kf1 f3 22. Bxf3 Rxf3 23. gxf3 Bxf3 24. Bg5 Bxh1 25. Qxf8+ Kc7 26.
Qxe7 {Black resigns} 1-0

[Event "GambitGuide"]
[Site "Internet Chess Club"]
[Date "2014.10.31"]
[Round "1"]
[White "JSBach"]
[Black "MishaVB"]
[Result "1-0"]
[ICCResult "Black resigns"]
[WhiteElo "1601"]
[BlackElo "1439"]
[Opening "Vienna: `Frankenstein-Dracula' variation"]
[ECO "C27"]
[NIC "VG.02"]
[Time "23:41:25"]
[TimeControl "120+12"]

1. e4 e5 2. Nc3 Nf6 3. Bc4 Nxe4 4. Qh5 Nd6 5. Bb3 Nc6 6. Nb5 g6 7. Qf3 f5 8.
Qd5 Qe7 9. Nxc7+ Kd8 10. Nxa8 b6 11. d3 Bb7 12. Nxb6 axb6 13. Qf3 Nd4 14.
Qh3 f4 15. Ba4 N6f5 16. c3 b5 17. Bd1 Nh4 18. cxd4 Bxg2 19. Qg4 Bxh1 20.
dxe5 Qxe5+ 21. Be2 Ng2+ 22. Kf1 h5 23. Qxg6 Be7 24. Qb6+ Ke8 25. d4 Qf6 26.
Qxf6 Bxf6 27. Bf3 Bxd4 28. Bxg2 Bxg2+ 29. Kxg2 Rg8+ 30. Kf1 h4 31. Ne2 Bb6
32. Bxf4 Rf8 33. Re1 d5 34. Nc3+ Kd8 35. Nxd5 Ba5 36. b4 Bc7 37. Bxc7+ Kc8
38. f4 Rxf4+ 39. Bxf4 {Black resigns} 1-0